 Dungeon Crawl Stone Soup version 0.30-a0-808-g6e0788376e (webtiles) character file.

Game seed: 5844175617508950662

3271 cheesebisquit the Basher (level 9, -3/71 HPs)
             Began as a Minotaur Berserker on Feb 25, 2023.
             Was an Elder of Trog.
             Slain by a wolf (6 damage)
             ... led by Grum
             ... on level 8 of the Dungeon.
             The game lasted 00:16:58 (5724 turns).

cheesebisquit the Basher (Minotaur Berserker)       Turns: 5724, Time: 00:16:58

Health: -3/71      AC: 16    Str: 25    XL:     9   Next: 68%
Magic:  8/8        EV:  7    Int:  4    God:    Trog [****..]
Gold:   298        SH:  0    Dex: 11    Spells: 8/8 levels left

rFire   . . .      SeeInvis .    F - +2 battleaxe (heavy)
rCold   . . .      Faith    .    (shield currently unavailable)
rNeg    . . .      Spirit   .    E - +0 plate armour
rPois   .          Reflect  .    (helmet restricted)
rElec   .          Harm     .    A - +2 cloak
rCorr   .          Rampage  .    (no gloves)
Will    .....                    G - +1 pair of boots Stlth
                                 (no amulet)
HPRegen 0.31/turn                (no ring)
MPRegen 0.11/turn                (no ring)

@: on berserk cooldown, slowed, very slow
A: horns 2, retaliatory headbutt
a: Renounce Religion, Berserk, Trog's Hand, Brothers in Arms


You were on level 8 of the Dungeon.
You worshipped Trog.
Trog was greatly pleased with you.
You visited 1 branch of the dungeon, and saw 8 of its levels.

You collected 451 gold pieces.
You spent 153 gold pieces at shops.

Inventory:

Hand Weapons
 a - a +0 hand axe
 j - the +9 whip of Fevevim {spect, rPois rC+}
   (You found it on level 2 of the Dungeon)

   rC:        It protects you from cold.
   rPois:     It protects you from poison.
 q - a +0 hammer
 F - a +2 heavy battleaxe (weapon)
Missiles
 v - 7 atropa-tipped darts (quivered)
 z - 12 poisoned darts
Armour
 s - a +0 pair of boots
 A - a +2 cloak (worn)
 E - a +0 plate armour (worn)
 G - a +1 pair of boots (worn)
Wands
 h - a wand of flame (19)
 w - a wand of paralysis (6)
 B - a wand of mindburst (17)
Scrolls
 b - 3 scrolls of teleportation {unknown}
 d - 10 scrolls of identify {unknown}
 f - 4 scrolls of enchant armour {unknown}
 m - a scroll of torment {unknown}
 o - a scroll of poison {unknown}
 r - a scroll of enchant weapon {unknown}
 x - a scroll of blinking {unknown}
 y - 2 scrolls of vulnerability {unknown}
 C - 2 scrolls of immolation {unknown}
 I - a scroll of summoning {unknown}
Potions
 c - 4 potions of might {unknown}
 e - 3 potions of flight {unknown}
 g - a potion of attraction {unknown}
 i - a potion of degeneration {unknown}
 k - 2 potions of ambrosia {unknown}
 l - a potion of invisibility {unknown}
 n - 3 potions of heal wounds
 p - 5 potions of curing {unknown}
 t - 2 potions of mutation {unknown}
 u - a potion of magic {unknown}
 D - a potion of haste {unknown}
 H - a potion of berserk rage {unknown}


   Skills:
 - Level 3.9 Fighting
 + Level 6.6(11.6) Axes
 - Level 14.8(15.4) Maces & Flails
 - Level 2.8 Armour
 - Level 2.5 Dodging


You had 8 spell levels left.
You didn't know any spells.
Your spell library was empty.

Dungeon Overview and Level Annotations

Branches:
Dungeon (8/15)             Temple (0/1) D:4
   Lair: D:8-11

Altars:
Vehumet

Shops:
D:2 [   D:8 *

Annotations:
D:8 Grum


Innate Abilities, Weirdness & Mutations

You have a pair of horns on your head.
You reflexively headbutt those who attack you in melee.


Message History

Grum burns you. The wolf bites you.
You closely miss the wolf.
You headbutt the wolf, but do no damage.
The wolf is heavily wounded.
The wolf bites you.
Grum hits you from afar with a +0 spear of flaming.
Grum burns you. The wolf bites you.
You closely miss the wolf.
The wolf is heavily wounded.
The wolf bites you but does no damage.
Grum hits you from afar with a +0 spear of flaming.
Grum burns you.
You closely miss the wolf. Your headbutt misses the wolf.
The wolf is heavily wounded.
You feel the effects of Trog's Hand fading.
The wolf bites you.
The wolf pauses to sniff the ground.
The wolf bites you.
Grum hits you from afar with a +0 spear of flaming!
* * * LOW HITPOINT WARNING * * *
Grum burns you.
* * * LOW HITPOINT WARNING * * *
The wolf attacks as you move away! The wolf bites you.
* * * LOW HITPOINT WARNING * * *
The wolf bites you but does no damage. The wolf attacks as you move away!
The wolf bites you but does no damage.
You feel a strong urge to attack something.
The wolf attacks as you move away! The wolf barely misses you.
You furiously retaliate!
You headbutt the wolf!
You kill the wolf!
Trog accepts your kill.
You feel your anger nearly subside.
You are no longer berserk.
You are exhausted.
You feel yourself slow down.
The orc priest mumbles some strange prayers to Beogh against you.
Beogh smites you!
* * * LOW HITPOINT WARNING * * *
Your skin stops crawling.
You feel less strong-willed. The wolf bites you.
You die...

##.......###........⌠...#
##.....## #............#
##...## #.....#∩.∩.∩##
###.#######.#.#######
#.##...##.#..#
#..#.#.......#
##...#..#.##.#
#.###..#.##.#
#.##.h@...#.#
..##.###....# ##.##.#
#.#..# #.##c# #.#..#
#.##†# ..#... #..#†# #o#


ogo ..... You could see a wolf.

Vanquished Creatures
  Eustachio (D:5)
  A water moccasin (D:5)
  A sky beast (D:6)
  4 ogres
  A centaur (D:7)
  3 wolves (D:8)
  A phantom (D:6)
  2 bullfrogs (D:7)
  12 scorpions
  3 wights (D:6)
  2 hounds
  Crazy Yiuf (D:5)
  5 orc priests
  6 iguanas
  16 orc wizards
  6 adders
  4 gnolls (D:4)
  2 white imps (D:6)
  3 ufetubi
  3 worms
  A dart slug (D:3)
  26 orcs
  An endoplasm (D:4)
  10 giant cockroaches
  8 goblins
  6 hobgoblins
  5 jackals
  2 quokkas
  3 ball pythons
  4 bats
  4 frilled lizards
  7 kobolds
  4 rats
  A butterfly (D:6)
159 creatures vanquished.

Vanquished Creatures (collateral kills)
  The ghost of cforsyth the Sneak, an amateur KoBr (D:6)
1 creature vanquished.

Vanquished Creatures (others)
  7 fungi (D:1)
  3 toadstools (D:1)
10 creatures vanquished.

Grand Total: 170 creatures vanquished

Notes
Turn   | Place    | Note
-------+----------+-------------------------------------------
     0 | D:1      | cheesebisquit the Minotaur Berserker began the quest for
                  | the Orb.
     0 | D:1      | Reached XP level 1. HP: 19/19 MP: 0/0
   168 | D:1      | Reached XP level 2. HP: 27/27 MP: 1/1
   670 | D:2      | Identified the +9 whip of Fevevim {spect, rPois rC+}
   697 | D:2      | Reached skill level 1 in Maces & Flails
   697 | D:2      | Reached XP level 3. HP: 33/33 MP: 2/2
   925 | D:2      | Reached skill level 2 in Maces & Flails
  1075 | D:2      | Found Suvvarghe's Antique Armour Shoppe.
  1087 | D:2      | Bought a pair of boots for 135 gold pieces
  1206 | D:2      | Reached ** piety under Trog
  1318 | D:3      | Reached skill level 3 in Maces & Flails
  1318 | D:3      | Reached XP level 4. HP: 34/40 MP: 3/3
  1325 | D:3      | Reached skill level 4 in Maces & Flails
  1645 | D:3      | Reached XP level 5. HP: 46/46 MP: 4/4
  1706 | D:4      | Noticed an ice beast
  1736 | D:4      | Reached skill level 5 in Maces & Flails
  1916 | D:4      | Found a staircase to the Ecumenical Temple.
  1931 | D:4      | Reached skill level 6 in Maces & Flails
  2044 | D:4      | Reached XP level 6. HP: 52/52 MP: 5/5
  2274 | D:4      | Reached skill level 7 in Maces & Flails
  2735 | D:5      | Entered Level 5 of the Dungeon
  2741 | D:5      | Reached *** piety under Trog
  2884 | D:5      | Reached skill level 8 in Maces & Flails
  2888 | D:5      | Reached XP level 7. HP: 58/58 MP: 6/6
  3047 | D:5      | Reached skill level 9 in Maces & Flails
  3184 | D:5      | Found a radiant altar of Vehumet.
  3241 | D:5      | Noticed Eustachio
  3253 | D:5      | Killed Eustachio
  3322 | D:5      | Reached skill level 10 in Maces & Flails
  3354 | D:5      | Reached XP level 8. HP: 56/66 MP: 7/7
  3394 | D:5      | Found a runed translucent door.
  3395 | D:5      | Noticed Crazy Yiuf
  3677 | D:5      | Killed Crazy Yiuf
  3822 | D:6      | Identified the +0 dire flail "Ziucuq" {venom, Drain rF-
                  | Will+++ Int+4}
  3822 | D:6      | Noticed cforsyth's ghost (amateur KoBr)
  3823 | D:6      | Found a transporter.
  4005 | D:6      | Reached skill level 11 in Maces & Flails
  4142 | D:6      | Found a runed translucent door.
  4144 | D:6      | Found a runed translucent door.
  4161 | D:6      | Reached **** piety under Trog
  4286 | D:6      | Reached skill level 12 in Maces & Flails
  4607 | D:6      | Reached skill level 13 in Maces & Flails
  4611 | D:6      | Reached XP level 9. HP: 71/71 MP: 8/8
  4700 | D:6      | Found a transporter.
  4715 | D:6      | Killed cforsyth's ghost
  4716 | D:6      | Reached skill level 14 in Maces & Flails
  5243 | D:7      | Reached skill level 5 in Axes
  5683 | D:8      | Found Narph's CLEARANCE SALE!.
  5690 | D:8      | Bought a potion of heal wounds for 10 gold pieces
  5690 | D:8      | Bought a wand of flame (6) for 8 gold pieces
  5704 | D:8      | Noticed Grum
  5722 | D:8      | HP: 1/71 [orc priest/divine providence (13)]
  5724 | D:8      | Slain by a wolf

Illustrated notes

Levels and vault maps discovered:
D:1:      erik_arrival_orb_chamber, layout_rooms, minmay_gold_behind_fungi,
          wad_floor_pattern_untrapped, st_stairs_14
D:2:      layout_basic, serial_shops, nicolae_shop_statue_plus
D:3:      layout_rooms
D:4:      layout_basic, minmay_temple_entry_junction, lightli_corner_chamber
D:5:      layout_basic, nicolae_vehumet_altar_sigil, uniq_eustachio,
          uniq_crazy_yiuf_cottage
D:6:      lemuel_insect_pit, layout_basic, gammafunk_ghost_smash
D:7:      layout_basic
D:8:      layout_rooms, nicolae_shop_clearance, uniq_maurice, uniq_erica,
          uniq_grum

Skill      XL: |  1  2  3  4  5  6  7  8  9 |
---------------+----------------------------+-----
Axes           | 4 6 |  6.6
Maces & Flails | 1 3 4 6 8 10 13 14 | 14.8
Fighting       | |  3.9
Armour         | |  2.8
Dodging        | |  2.5

Action                     |  1- 3 |  4- 6 |  7- 9 || total
---------------------------+-------+-------+-------++-------
  Melee: Hand axe          |    37 |       |       ||    37
         Headbutt          |     4 |     9 |    19 ||    32
         Whip              |    19 |    69 |   100 ||   188
         Battleaxe         |       |       |    36 ||    36
  Throw: Stone             |    10 |       |       ||    10
         Dart              |       |       |     4 ||     4
 Invoke: Berserk           |       |       |     5 ||     5
         Trog's Hand       |       |       |     2 ||     2
         Brothers in Arms  |       |       |     1 ||     1
   Stab: Distracted        |       |     1 |       ||     1
 Armour: Animal skin       |     7 |       |       ||     7
         Ring mail         |     5 |    26 |    21 ||    52
         Plate armour      |       |       |    50 ||    50
  Dodge: Dodged            |    26 |    28 |    49 ||   103

Table legend: (Time is in decaauts)
 A = Elapsed time spent in this place.
 B = Non-inter-level travel time spent in this place.
 C = Inter-level travel time spent in this place.
 D = Time resting spent in this place.
 E = Time spent auto-exploring this place.
 F = Levels seen in this place.
 G = Mean time per level.
                   A        B        C        D        E       F      G
               +--------+--------+--------+--------+--------+-----+--------+
         Total |   5723 |   5415 |    308 |    142 |   4450 |   8 |  715.4 |
       Dungeon |   5723 |   5415 |    308 |    142 |   4450 |   8 |  715.4 |
               +--------+--------+--------+--------+--------+-----+--------+

Top non-repeatable levels by time:
     D:4: 1066 daAuts
     D:5: 1057 daAuts
     D:6: 996 daAuts
     D:7: 862 daAuts
     D:2: 662 daAuts
     D:1: 611 daAuts
     D:3: 385 daAuts
     D:8: 80 daAuts
